 Dungeon Crawl Stone Soup version 0.18-a0-119-g02a7081 (webtiles) character file.

94 Proton the Sneak (level 4, -2/30 HPs)
             Began as an Octopode Assassin on Nov 19, 2015.
             Slain by a hound (5 damage)
             ... on level 3 of the Dungeon.
             The game lasted 00:03:33 (1821 turns).

Proton the Sneak (Octopode Assassin)                Turns: 1821, Time: 00:03:33

Health: -2/30      AC:  1    Str: 10    XL:     4   Next: 63%
Magic:  4/4        EV: 12    Int: 13    God:
Gold:   79         SH:  0    Dex: 14    Spells: 0 memorised, 3 levels left

rFire  . . .     SeeInvis .     e - +2 dagger (speed)
rCold  . . .     Clarity  .     (no shield)
rNeg   . . .     SustAt   .     (helmet restricted)
rPois  .         Gourm    .     (no amulet)
rElec  .         Spirit   .     f - ring of invisibility
rCorr  .         Warding  .     (no ring)
rMut   .         Stasis   .     (no ring)
MR     .....                    (no ring)
Stlth  +++++.....               (no ring)
                                (no ring)
                                (no ring)
                                (no ring)

@: not resistant to hostile enchantments, quite stealthy
A: almost no armour, amphibious, 8 rings, constrict 8, camouflage 1, gelatinous
body 1
a: Evoke Invisibility


You were on level 3 of the Dungeon.
You were not hungry.

You visited 1 branch of the dungeon, and saw 3 of its levels.

You collected 79 gold pieces.

Inventory:

Hand Weapons
 e - a +2 dagger of speed (weapon)
Jewellery
 f - a ring of invisibility (left tentacle)
Scrolls
 h - 2 scrolls of identify {unknown}
 i - a scroll of random uselessness {unknown}
 j - a scroll of fear {unknown}
 o - 2 scrolls of remove curse {unknown}
 p - a scroll of enchant armour {unknown}
Potions
 k - a potion of ambrosia
 n - a potion of lignification {unknown}
Comestibles
 g - 2 meat rations


   Skills:
 + Level 2.6 Fighting
 + Level 2.6 Short Blades
 + Level 2.5 Throwing
 + Level 2.2 Dodging
 + Level 6.0 Stealth


You had 3 spell levels left.
You didn't know any spells.

Dungeon Overview and Level Annotations

Branches:
Dungeon (3/15)

Altars:
Zin

Annotations:
D:3 Proton's ghost, amateur HOFi


Innate Abilities, Weirdness & Mutations

You cannot wear most types of armour.
You are amphibious.
You can wear up to eight rings at the same time.
You can use your tentacles to constrict eight enemies at once.
Your skin changes colour to match your surroundings (Stealth).
Your rubbery body absorbs attacks (AC +1).


Message History

You are too injured to fight recklessly!
You are too injured to fight recklessly!
You are too injured to fight recklessly!
You are too injured to fight recklessly!
You are too injured to fight recklessly!
You are too injured to fight recklessly!
You are too injured to fight recklessly!
You are too injured to fight recklessly!
You are too injured to fight recklessly!
You are too injured to fight recklessly!
You are too injured to fight recklessly!
You are too injured to fight recklessly!
The hound closely misses you. The hound barely misses you. The hound bites you.
* * * LOW HITPOINT WARNING * * *
The hound bites you.
* * * LOW HITPOINT WARNING * * *
The hound bites you.
You die...

#.......................
#.....###.#.........##.. #.....#
#.#............. #.....#
#..#.........#.# ######..####
#........#...... #.......#
#..#..##.###.... .###..?...$#
#..#†..........<
...........######..#.###.###....
.###.......gW.h@...#............
.........#########.######.###...
.........# #..........##.#)....
.........# #.####.######.......
.........# #.....#........
.........# #.######...#.##.....
.........# #..........#.##.#..#
....###... #######....#.##.#...
.... #... #........#.##.#...


You could see a hound, Proton's ghost and a goblin.

Vanquished Creatures
  2 adders (D:2)
  An ooze (D:1)
  4 worms
  9 bats
  2 giant cockroaches
  7 goblins
  7 hobgoblins
  3 jackals (D:1)
  7 kobolds
  4 giant geckos
  3 giant newts
  5 rats
54 creatures vanquished.

Notes
Turn   | Place    | Note
--------------------------------------------------------------
     0 | D:1      | Proton the Octopode Assassin began the quest for the Orb.
     0 | D:1      | Reached XP level 1. HP: 14/14 MP: 1/1
   115 | D:1      | Reached XP level 2. HP: 19/19 MP: 2/2
   402 | D:1      | You fall through a shaft!
   417 | D:2      | Reached XP level 3. HP: 20/24 MP: 3/3
   440 | D:2      | Found a glowing silver altar of Zin.
  1200 | D:2      | Reached XP level 4. HP: 24/30 MP: 4/4
  1506 | D:2      | Reached skill level 6 in Stealth
  1804 | D:3      | Noticed Proton's ghost (amateur HOFi)
  1821 | D:3      | Slain by a hound

Vault maps used:
D:1:      ncdulo_watergridlock
D:2:      lemuel_crystal_altar

Action                   |  1- 3 |  4- 6 || total
-------------------------+-------+-------++-------
Melee: Dagger            |    65 |    48 ||   113
  Use: Potion            |       |     2 ||     2
 Stab: Sleeping          |    15 |    13 ||    28
  Eat: Bread ration      |       |     1 ||     1
       Royal jelly       |       |     1 ||     1
